AoeStats
← _gaara_

Arena

510703074Analyzed
4v4 RM · 12h ago on Oct 2, 2026· 49m 8s· 8 players
Game mode
Random Map
Map size
Large (8 player)
Population
200
Speed
Normal
Resources
Standard
Victory
Conquest
Starting age
Dark Age
Ending age
Imperial Age
RankedLock teamsTeams togetherTeam positionsShared explorationLock speedFull tech treeHidden civsTurbo modeCheats
Victory
Defeat
🇨🇳 Persians · China
983
+14
🇨🇳 Turks · China
951
+15
🇨🇳 Magyars · China
947
+16
🇨🇳 Mongols · China
921
+17
🇷🇺 Cumans · Russia
1021
-18
🇨🇷 Turks · Costa Rica
916
-15
🇨🇳 Danes · China
916
-15
🇨🇳 Goths · China
895
-14
lynavy
12:48 Feudal Age
14:40 Double-Bit Axe
17:43 Castle Age
16:09 Gold Mining
22:29 Imperial Age
20:48 Fletching
21:50 Ballistics
21:34 Padded Archer Armor
22:30 Scale Mail Armor
22:54 Squires
28:35 Fortified Wall
30:48 Leather Archer Armor
33:15 Masonry
37:05 Thumb Ring
38:45 Bodkin Arrow
44:59 Bracer
Kevin
0:28 Loom
13:09 Feudal Age
16:43 Castle Age
14:41 Double-Bit Axe
14:37 Horse Collar
22:47 Bow Saw
23:31 Heavy Plow
24:13 Stone Mining
24:58 Gold Mining
26:31 Wheelbarrow
25:41 Town Watch
27:53 Gold Shaft Mining
28:12 Scale Barding Armor
28:07 Padded Archer Armor
27:58 Fletching
29:05 Corvinian Army
29:55 Hand Cart
29:41 Town Patrol
30:02 Thumb Ring
30:23 Ballistics
30:16 Bodkin Arrow
30:43 Chain Barding Armor
32:28 Bloodlines
32:19 Husbandry
35:29 Imperial Age
33:16 Husbandry
33:33 Leather Archer Armor
34:21 Masonry
35:39 Heavy Cavalry Archer
36:22 Bracer
36:58 Plate Barding Armor
36:50 Conscription
37:11 Elite Magyar Huszar
39:03 Crop Rotation
39:34 Two-Man Saw
39:18 Parthian Tactics
41:04 Chemistry
40:10 Siege Engineers
40:03 Murder Holes
40:51 Recurve Bow
41:30 Hoardings
42:01 Light Cavalry
42:01 Cavalier
43:29 Paladin
44:28 Caravan
47:43 Ring Archer Armor
Oliver
9:57 Feudal Age
10:53 Double-Bit Axe
14:37 Castle Age
13:18 Horse Collar
15:36 Bow Saw
17:02 Bloodlines
23:46 Heavy Plow
30:31 Stone Mining
30:33 Gold Mining
34:47 Loom
35:38 Wheelbarrow
34:54 Town Watch
48:03 Imperial Age
47:20 Husbandry
48:49 Hand Cart
48:34 Town Patrol
48:18 Cavalier
蒙式战车
4:01 Loom
9:59 Feudal Age
14:39 Castle Age
15:28 Pikeman
24:20 Padded Archer Armor
24:11 Fletching
29:48 Bodkin Arrow
33:13 Leather Archer Armor
_gaara_
5:17 Loom
11:22 Feudal Age
11:54 Double-Bit Axe
16:55 Castle Age
15:03 Gold Mining
15:05 Stone Mining
14:59 Horse Collar
17:48 Bow Saw
19:47 Heavy Plow
23:03 Wheelbarrow
27:05 Padded Archer Armor
30:19 Imperial Age
29:01 Gold Shaft Mining
29:51 Hand Cart
29:25 Town Watch
30:35 Elite Janissary
31:33 Leather Archer Armor
34:22 Artillery
34:46 Conscription
36:25 Two-Man Saw
36:00 Ring Archer Armor
35:20 Fletching
37:12 Scale Barding Armor
37:18 Forging
38:27 Chain Barding Armor
39:24 Iron Casting
42:17 Plate Barding Armor
42:43 Blast Furnace
43:40 Bloodlines
43:33 Husbandry
FishKid
0:52 Loom
11:31 Feudal Age
15:43 Castle Age
14:06 Double-Bit Axe
14:44 Horse Collar
17:57 Wheelbarrow
20:51 Bow Saw
25:06 Stone Mining
25:07 Gold Mining
28:05 Hand Cart
39:16 Light Cavalry
40:07 Bloodlines
39:58 Husbandry
41:02 Heavy Plow
44:40 Imperial Age
开局一片田
10:34 Feudal Age
14:54 Castle Age
12:48 Double-Bit Axe
12:45 Horse Collar
16:29 Bow Saw
23:40 Wheelbarrow
23:43 Scale Mail Armor
24:15 Squires
24:36 Gold Mining
24:48 Heavy Plow
25:16 Forging
27:20 Hand Cart
28:17 Gold Shaft Mining
27:32 Stone Mining
27:32 Loom
27:32 Town Watch
29:37 Town Patrol
29:54 Chain Mail Armor
30:14 Iron Casting
33:25 Imperial Age
33:33 Pikeman
33:58 Arson
34:38 Conscription
33:39 Hamask
33:48 Elite Varangian Guard
35:01 Plate Mail Armor
35:31 Blast Furnace
33:58 Capped Ram
34:08 Halberdier
35:17 Siege Ram
36:36 Coinage
37:25 Fletching
37:35 Padded Archer Armor
38:38 Chemistry
38:07 Bodkin Arrow
39:07 Leather Archer Armor
39:15 Ballistics
40:42 Banking
39:49 Elite Skirmisher
40:35 Thumb Ring
44:40 Bracer
45:10 Ring Archer Armor
xxSlyxx
2:27 Loom
2:34 Loom
11:00 Feudal Age
11:40 Double-Bit Axe
13:14 Horse Collar
17:30 Wheelbarrow
16:43 Town Watch
20:17 Castle Age
20:32 Bloodlines
24:36 Scale Barding Armor
25:12 Heavy Plow
25:46 Chain Barding Armor
26:13 Forging
28:11 Iron Casting
27:53 Hand Cart
29:41 Elite Skirmisher
32:25 Light Cavalry
38:14 Fletching
42:51 Bodkin Arrow
44:13 Padded Archer Armor
Connection lost

Rejoining the realm…

Still unreachable

The connection could not be restored.

Session expired

The server has moved on; the page needs a fresh start.